AoeStats
← Wodam

Black Forest

505274707Analyzed
2v2 RM · 24d ago on Sep 8, 2026· 60m 15s· 4 players
Game mode
Random Map
Map size
Medium (4 player)
Population
200
Speed
Normal
Resources
Standard
Victory
Conquest
Starting age
Dark Age
Ending age
Imperial Age
RankedLock teamsTeams togetherTeam positionsShared explorationLock speedFull tech treeHidden civsTurbo modeCheats
Victory
Defeat
🇬🇧 Bohemians · United Kingdom
1085
+16
🇸🇪 Koreans · Sweden
1064
+16
🇩🇪 Persians · Germany
1076
-16
🇩🇪 Vietnamese · Germany
1075
-16
s m i f f y
1:00 Loom
11:43 Feudal Age
16:28 Castle Age
14:36 Double-Bit Axe
23:56 Horse Collar
24:35 Fervor
25:28 Wheelbarrow
25:56 Forging
25:46 Scale Mail Armor
25:41 Town Watch
28:43 Imperial Age
27:55 Chemistry
27:21 Heavy Plow
29:40 Bow Saw
29:05 Houfnice
30:59 Forging
30:49 Scale Mail Armor
31:12 Pikeman
31:53 Squires
31:46 Arson
32:39 Iron Casting
34:38 Blast Furnace
33:53 Chain Mail Armor
34:41 Hand Cart
34:26 Town Patrol
35:48 Two-Man Saw
35:19 Fortified Wall
35:16 Siege Engineers
36:24 Caravan
37:29 Halberdier
39:06 Conscription
41:07 Plate Mail Armor
44:38 Man-at-Arms
51:08 Heavy Scorpion
51:51 Long Swordsman
52:53 Fletching
52:33 Two-Handed Swordsman
53:53 Ballistics
53:28 Murder Holes
53:45 Masonry
53:52 Champion
55:17 Bodkin Arrow
56:26 Bracer
MehTy
0:38 Loom
12:03 Feudal Age
17:36 Castle Age
17:18 Horse Collar
18:26 Double-Bit Axe
23:09 Fishing Lines
25:07 Gillnets
26:10 Fletching
28:59 Wheelbarrow
28:38 Eupseong
30:29 Hand Cart
30:27 Bodkin Arrow
30:45 Bow Saw
30:50 Town Watch
31:35 Town Patrol
35:25 Imperial Age
35:07 Masonry
36:12 Fortified Wall
36:45 Architecture
36:34 Bracer
36:42 Arrowslits
37:06 Siege Engineers
38:05 Chemistry
37:28 Ballistics
38:55 Heavy Rocket Cart
43:51 Shinkichon
48:55 Murder Holes
48:41 Treadmill Crane
52:57 Elite War Wagon
53:50 Scale Barding Armor
56:38 Caravan
59:23 Chain Barding Armor
LazerLoki
8:37 Loom
12:08 Feudal Age
14:06 Double-Bit Axe
15:50 Gold Mining
15:44 Horse Collar
20:58 Castle Age
22:01 Wheelbarrow
22:20 Crossbowman
22:52 Fletching
23:30 Heavy Plow
23:43 Bow Saw
26:38 Thumb Ring
26:30 Bodkin Arrow
28:04 Stone Mining
31:38 Padded Archer Armor
33:07 Squires
33:19 Forging
33:11 Scale Mail Armor
36:36 Imperial Age
37:34 Siege Engineers
37:50 Ballistics
38:30 Chemistry
38:29 Arbalester
38:34 Elite Fire Lancer
39:31 Bracer
39:48 Chain Mail Armor
41:18 Iron Casting
41:00 Leather Archer Armor
48:13 Elite Skirmisher
49:02 Imperial Skirmisher
55:02 Ring Archer Armor
56:42 Hand Cart
Wodam
8:53 Loom
10:43 Feudal Age
13:24 Loom
17:25 Castle Age
16:54 Double-Bit Axe
16:50 Horse Collar
18:54 Bow Saw
19:56 Wheelbarrow
20:45 Heavy Plow
27:09 Gold Mining
28:07 Bloodlines
28:05 Scale Barding Armor
28:10 Forging
28:36 Hand Cart
29:39 Husbandry
30:36 Chain Barding Armor
30:51 Iron Casting
33:33 Imperial Age
32:16 Masonry
33:12 Cavalier
34:29 Plate Barding Armor
35:02 Conscription
34:57 Citadels
36:00 Chemistry
34:33 Savar
36:30 Town Watch
38:31 Coinage
38:13 Guilds
37:52 Light Cavalry
40:17 Blast Furnace
41:07 Architecture
40:59 Ballistics
40:36 Murder Holes
44:56 Banking
44:27 Caravan
44:56 Hussar
47:29 Hoardings
57:51 Crop Rotation
Connection lost

Rejoining the realm…

Still unreachable

The connection could not be restored.

Session expired

The server has moved on; the page needs a fresh start.